 Dungeon Crawl Stone Soup version 0.29-a0-909-g30c7767f5c (webtiles) character file.

Game seed: 8608128132165021589

5137 Destapler the Trooper (level 10, -2/100 HPs)
             Began as a Troll Berserker on July 25, 2022.
             Was a High Priest of Trog.
             Slain by a cacodemon (17 damage)
             ... in a Gauntlet.
             The game lasted 00:23:13 (7704 turns).

Destapler the Trooper (Troll Berserker)             Turns: 7704, Time: 00:23:14

Health: -2/100     AC:  6    Str: 31    XL:     10   Next: 33%
Magic:  9/9        EV: 11    Int:  3    God:    Trog [*****.]
Gold:   310        SH:  0    Dex:  9    Spells: 9/9 levels left

rFire   . . .      SeeInvis +     - Unarmed
rCold   . . .      Faith    .   (no shield)
rNeg    . . .      Spirit   .   N - +0 acid dragon scales
rPois   +          Reflect  +   (helmet restricted)
rElec   .          Harm     .   n - scarf {repulsion}
rCorr   +          Rampage  .   (gloves unavailable)
Will    .....      NoTele   +   (boots unavailable)
Stlth   ..........              D - amulet of reflection
HPRegen 1.06/turn               p - ring of poison resistance
MPRegen 0.11/turn               b - ring of see invisible

@: confused, ambrosia-drunk, on berserk cooldown, slowed, repel missiles, very
slow
A: large, unfitting armour, claws 3, regeneration 1, shaggy fur 1, tough skin 1,
deformed body
a: Renounce Religion, Berserk, Trog's Hand, Brothers in Arms


You were in a Gauntlet.
You worshipped Trog.
Trog was extremely pleased with you.
You visited 2 branches of the dungeon, and saw 9 of its levels.
You also visited: Sewer, Ossuary and Gauntlet.

You collected 542 gold pieces.
You spent 232 gold pieces at shops.

Inventory:

Hand Weapons
 f - a +3 dagger of holy wrath
 q - a +1 demon whip of freezing
 P - a +5 vorpal morningstar
Missiles
 g - 106 stones (quivered)
 h - 5 atropa-tipped darts
 F - 5 datura-tipped darts
Armour
 k - a +0 cloak
 n - a scarf of repulsion (worn)
 N - +0 acid dragon scales (worn)
Jewellery
 b - a ring of see invisible (right claw)
 d - a ring of flight
 p - a ring of poison resistance (left claw)
 D - an amulet of reflection (around neck)
 M - a +6 ring of dexterity
Wands
 H - a wand of polymorph (4)
 L - a wand of quicksilver (8)
Scrolls
 a - a scroll of identify
 e - 3 scrolls of teleportation
 r - 2 scrolls of immolation
 s - 4 scrolls of poison
 t - a scroll of acquirement
 v - a scroll of vulnerability
 y - 2 scrolls of fear
 B - 2 scrolls of blinking
 G - a scroll of noise
 I - 2 scrolls of butterflies
 J - a scroll of enchant weapon
Potions
 c - 4 potions of brilliance {unknown}
 i - 4 potions of flight
 j - 4 potions of resistance
 l - a potion of berserk rage {unknown}
 m - a potion of curing {unknown}
 o - a potion of ambrosia
 u - 2 potions of might {unknown}
 w - 2 potions of degeneration {unknown}
 x - 2 potions of lignification
 z - 2 potions of mutation
 A - 2 potions of heal wounds {unknown}
 E - a potion of attraction {unknown}
 K - a potion of haste {unknown}


   Skills:
 + Level 6.6 Fighting
 + Level 2.6 Short Blades
 + Level 3.0 Maces & Flails
 + Level 4.5 Throwing
 - Level 4.0 Armour
 + Level 6.6 Dodging
 * Level 4.2 Shields
 - Level 5.0 Unarmed Combat
 + Level 2.2 Evocations


You had 9 spell levels left.
You didn't know any spells.
Your spell library contained the following spells:

 Spells                   Type           Power      Damage    Failure   Level
 Ignite Poison            Fire/Tmut/Pois 0%         N/A       91%         3
 Mephitic Cloud           Conj/Pois/Air  0%         N/A       91%         3
 Freezing Cloud           Conj/Ice/Air   0%         6-21      100%        5
 Summon Forest            Summ/Tloc      0%         N/A       100%        5
 Summon Mana Viper        Hex/Summ       0%         N/A       100%        5
 Summon Cactus Giant      Summ           0%         N/A       100%        6


Dungeon Overview and Level Annotations

Branches:
Dungeon (8/15)             Temple (0/1) D:7            Lair (1/5) D:8
  Sewer (visited)         Ossuary (visited)         Gauntlet (1/1)

Altars:
Cheibriados
Elyvilon
Hepliaklqana
Sif Muna
Yredelemnul

Shops:
D:1 *   D:7 *

Annotations:
D:5 3 runed translucent doors, Destapler's ghost, novice MiFi; Malachi's ghost, amateur DsGl; Soborki's ghost, novice MiBe; capka3m's ghost, novice MeEE; hackon's ghost, novice OgFE Gauntlet 11 transporters, 21 runed translucent doors


Innate Abilities, Weirdness & Mutations

You are too large for most types of armour.
You have claws for hands.
Your natural rate of healing is unusually fast.
You are covered in fur. (AC +1)
You have tough skin. (AC +1)
Armour fits poorly on your strangely shaped body.


Message History

You claw the neqoxec!
The neqoxec is almost dead.
You closely miss the neqoxec. You claw the neqoxec.
You kill the neqoxec!
Trog accepts your kill.
A nearby demonic plant withers and dies.
Your Maces & Flails skill increases to level 3!
You claw the cacodemon!
The cacodemon is lightly wounded.
The cacodemon gestures at you.
You feel yourself slow down.
You claw the cacodemon!
The cacodemon is moderately wounded.
You claw the cacodemon!
The cacodemon is moderately wounded.
The neqoxec closely misses you. The cacodemon hits you. x2
The neqoxec hits you but does no damage.
You claw the cacodemon!
The cacodemon is heavily wounded.
You are no longer berserk.
You are exhausted.
You feel as though you will be slow longer.
The neqoxec hits you!
The cacodemon hits you! x2; The neqoxec hits you.
You scratch the cacodemon.
The cacodemon is heavily wounded.
The cacodemon completely misses you. You block the cacodemon's attack.
The neqoxec hits you.
* * * LOW HITPOINT WARNING * * *
The neqoxec hits you but does no damage.
The neqoxec gestures at you.
Strange energies course through your body.
Your body twists and deforms.
The cacodemon hits you!
* * * LOW HITPOINT WARNING * * *
The cacodemon closely misses you. The neqoxec closely misses you.
You are confused.
You feel invigorated. The neqoxec misses you. The cacodemon hits you!!
* * * LOW HITPOINT WARNING * * *
The cacodemon hits you!
You die...

#.©.#........#...#........#.©.#..
#.8.#...8....#.©.#....8...#.8.#..
#.©.#.....###########.....#.©.#..
#######...#..=!©"...#...#########
##©!).#...#.........#...##")©?.##
h##.=.#...#..#...#..#...##.x###.#
..##..#...#.PP..PP..#...#x##.^#.#
#.©##.#.8.#....©....#.8.#X#.©#.##
##..#.#...#.....@3..#...##x##..##
.##...#...#..#P23#..#...##X#.##.#
..##..#...#..P......#...#x#.#..##
#######...#.........#...#########
..©.......###########.......©....
..8.....8......©.....§8.....8....
............∩..8..∩...§..........
#≈#≈#≈#≈#..........§§§#≈#≈#≈#§#≈#
##########≈#≈#§#≈#≈#≈############


You could see a cacodemon and 2 neqoxecs.

Vanquished Creatures
  A sixfirhy (D:7)
  An elephant (D:7)
  2 wyverns (D:8)
  Grum (D:8)
  A basilisk (D:7)
  A neqoxec (Gauntlet)
  A steam dragon (D:7)
  An acid dragon (D:8)
  2 water moccasins (D:7)
  3 black bears
  3 sky beasts
  A centaur (D:8)
  4 wolves (D:8)
  An ogre (D:5)
  3 phantoms
  2 elf zombies (Ossuary)
  A kobold brigand (D:8)
  4 bullfrogs
  A necrophage (D:6)
  3 scorpions
  3 centaur zombies (Ossuary)
  2 human zombies (Ossuary)
  3 orc priests
  2 hounds
  3 jellies
  A gnoll bouda (D:4)
  Jessica (D:3)
  4 iguanas
  5 orc wizards
  2 mummies (Ossuary)
  9 gnolls
  9 adders
  2 river rats (D:6)
  A white imp (D:7)
  An adder zombie (Ossuary)
  3 worms
  5 dart slugs
  10 orcs
  8 bats
  11 endoplasms
  14 giant cockroaches
  5 goblins
  9 hobgoblins
  11 quokkas
  17 ball pythons
  15 frilled lizards
  13 hobgoblin zombies (Ossuary)
  A jackal zombie (Ossuary)
  12 kobolds
  8 kobold zombies (Ossuary)
  5 orc zombies (Ossuary)
  7 rats
  2 rat zombies (Ossuary)
241 creatures vanquished.

Vanquished Creatures (collateral kills)
  A water moccasin (Lair:1)
1 creature vanquished.

Vanquished Creatures (others)
  21 demonic plants (Gauntlet)
  A fungus (D:2)
  6 plants
28 creatures vanquished.

Grand Total: 270 creatures vanquished

Notes
Turn   | Place    | Note
-------+----------+-------------------------------------------
     0 | D:1      | Destapler the Troll Berserker began the quest for the Orb.
     0 | D:1      | Reached XP level 1. HP: 22/22 MP: 0/0
   237 | D:1      | Reached XP level 2. HP: 28/29 MP: 1/1
   335 | D:1      | Found Ycuxte's Assorted Antiques.
   521 | D:1      | Reached ** piety under Trog
   775 | D:1      | Reached XP level 3. HP: 36/36 MP: 2/2
   923 | D:1      | Bought a bubbling puce potion for 28 gold pieces
  1235 | D:2      | Reached skill level 1 in Throwing
  1335 | D:2      | Found a faded altar of an unknown god.
  1417 | D:2      | Reached XP level 4. HP: 44/44 MP: 3/3
  1897 | D:3      | Noticed Jessica
  1897 | D:3      | Noticed a phantom
  1906 | D:2      | Reached skill level 1 in Armour
  1918 | D:2      | Killed a phantom
  1919 | D:2      | Reached XP level 5. HP: 53/53 MP: 4/4
  2037 | D:3      | Killed Jessica
  2254 | D:3      | Identified the +1 leather armour of the Ward {Str+7 Stlth+}
  2543 | D:1      | Bought a sapphire potion for 28 gold pieces
  2543 | D:1      | Bought a fuming brown potion for 28 gold pieces
  2543 | D:1      | Bought a scroll labelled ISECSEILAT for 32 gold pieces
  2651 | D:4      | Found a sand-covered staircase.
  2661 | Ossuary  | Entered an ossuary
  2707 | Ossuary  | Reached *** piety under Trog
  2796 | Ossuary  | Reached XP level 6. HP: 55/61 MP: 5/5
  2938 | Ossuary  | Reached XP level 7. HP: 61/68 MP: 6/6
  3199 | D:4      | Identified the +5 ring mail of the Orange Skies {-Tele +Inv
                  | Str+2 Int+4}
  3653 | D:1      | Bought a scroll labelled NOTSUR VOHAOL for 32 gold pieces
  3653 | D:1      | Bought a scroll labelled WISHIO GIJI for 32 gold pieces
  3653 | D:1      | Bought a scroll labelled PIUHOOTRIRR for 32 gold pieces
  3740 | D:5      | Entered Level 5 of the Dungeon
  3790 | D:5      | Reached **** piety under Trog
  3799 | D:5      | Reached XP level 8. HP: 57/79 MP: 7/7
  3867 | D:5      | Reached skill level 5 in Dodging
  3956 | D:5      | You are sucked into a shaft and drop 2 floors!
  4024 | D:7      | Found Duxzoi's Assorted Antiques.
  4036 | D:7      | Bought a scroll labelled COTAEF PESS for 20 gold pieces
  4067 | D:6      | Reached skill level 5 in Fighting
  4197 | D:6      | Identified a scroll of acquirement
  4303 | D:6      | Found a glowing drain.
  4315 | Sewer    | Entered a sewer
  4512 | Sewer    | Reached ***** piety under Trog
  4780 | D:6      | Found a white marble altar of Elyvilon.
  4781 | D:6      | Found a basalt altar of Yredelemnul.
  4782 | D:6      | Found a snail-covered altar of Cheibriados.
  4782 | D:6      | Found a shimmering blue altar of Sif Muna.
  4972 | D:5      | Found a hazy altar of Hepliaklqana.
  5066 | D:5      | Found a runed translucent gate.
  5066 | D:5      | Noticed hackon's ghost (novice OgFE)
  5067 | D:5      | Found a runed translucent gate.
  5067 | D:5      | Noticed Destapler's ghost (novice MiFi)
  5067 | D:5      | Noticed Soborki's ghost (novice MiBe)
  5067 | D:5      | Noticed Malachi's ghost (amateur DsGl)
  5067 | D:5      | Noticed capka3m's ghost (novice MeEE)
  5068 | D:5      | Found a runed translucent gate.
  5143 | D:5      | Reached skill level 1 in Shields
  5590 | D:7      | Reached XP level 9. HP: 88/89 MP: 8/8
  5621 | D:7      | Reached skill level 1 in Maces & Flails
  5698 | D:7      | Reached skill level 1 in Short Blades
  5874 | D:7      | Found a staircase to the Ecumenical Temple.
  5973 | D:7      | Reached skill level 1 in Evocations
  6315 | D:7      | Noticed a sixfirhy
  6316 | D:7      | Found a runed translucent door.
  6332 | D:7      | Killed a sixfirhy
  6461 | D:8      | Found a staircase to the Lair.
  6461 | D:8      | Noticed an elephant
  6676 | D:7      | Killed an elephant
  6681 | D:7      | Reached XP level 10. HP: 39/100 MP: 9/9
  6860 | D:8      | Reached skill level 5 in Unarmed Combat
  6878 | D:8      | Noticed Grum
  6888 | D:8      | Killed Grum
  7397 | Lair:1   | Entered Level 1 of the Lair of Beasts
  7398 | Lair:1   | Acquired a +5 vorpal morningstar
  7450 | Lair:1   | Found a gate leading to a gauntlet.
  7459 | Gauntlet | Entered a Gauntlet
  7459 | Gauntlet | Found a transporter.
  7462 | Gauntlet | Found a transporter.
  7462 | Gauntlet | Noticed a thrashing horror
  7464 | Gauntlet | Noticed a thrashing horror
  7465 | Gauntlet | Found a transporter.
  7466 | Gauntlet | Found a transporter.
  7469 | Gauntlet | Found a transporter.
  7470 | Gauntlet | Found a transporter.
  7471 | Gauntlet | Noticed a cacodemon
  7471 | Gauntlet | Found a large runed translucent door.
  7472 | Gauntlet | Found a large runed translucent door.
  7473 | Gauntlet | Found a large runed translucent door.
  7473 | Gauntlet | Found a large runed translucent door.
  7473 | Gauntlet | Found a runed translucent door.
  7474 | Gauntlet | Found a large runed translucent door.
  7474 | Gauntlet | Noticed an entropy weaver
  7475 | Gauntlet | Found a large runed translucent door.
  7476 | Gauntlet | Found a large runed translucent door.
  7476 | Gauntlet | Found a large runed translucent door.
  7477 | Gauntlet | Found a runed translucent door.
  7477 | Gauntlet | Found a runed translucent gate.
  7477 | Gauntlet | Found a runed translucent gate.
  7477 | Gauntlet | Found a runed translucent gate.
  7477 | Gauntlet | Noticed a thrashing horror
  7479 | Gauntlet | Found a transporter.
  7479 | Gauntlet | Found a transporter.
  7499 | Gauntlet | Found a transporter.
  7507 | Gauntlet | Found a transporter.
  7507 | Gauntlet | Found a transporter.
  7513 | Gauntlet | Noticed a hell beast
  7515 | Gauntlet | Found a transporter.
  7583 | Gauntlet | Noticed a thrashing horror
  7584 | Gauntlet | Found a large runed translucent door.
  7585 | Gauntlet | Found a large runed translucent door.
  7592 | Gauntlet | Found a large runed translucent door.
  7593 | Gauntlet | Found a large runed translucent door.
  7594 | Gauntlet | Found a large runed translucent door.
  7594 | Gauntlet | Found a large runed translucent door.
  7595 | Gauntlet | Found a large runed translucent door.
  7596 | Gauntlet | Found a large runed translucent door.
  7703 | Gauntlet | Gained mutation: Armour fits poorly on your strangely
                  | shaped body. [a neqoxec]
  7704 | Gauntlet | Slain by a cacodemon

Illustrated notes

Levels and vault maps discovered:
D:1:      scummos_arrival_hexagon, layout_loops_corners, serial_shops,
          nicolae_shop_stone
D:2:      layout_loops_corners, shapermc_ecumenical_altar_mp_ritualfount,
          nicolae_eternal_life
D:3:      layout_basic, uniq_jessica
D:4:      layout_cave_pools, enter_ossuary_1, minmay_misc_feat_encased
D:5:      layout_loops_ring, kennysheep_mini_moat, gammafunk_ghost_cemetery
D:6:      layout_loops_cross, chequers_temple_overflow_statue_of_worship,
          portal_sewer_entry_e
D:7:      cheibrodos_shockbox, layout_basic, minmay_temple_entry_glassed_door,
          serial_shops, nicolae_shop_statue_plus, kennysheep_small_circle
D:8:      layout_basic, david_lair_generic, uniq_grum
Lair:1:   layout_regular_city, portal_ice_cave_demonic_guard,
          gauntlet_entry_generic, lemuel_fruit_fields, serial_bayou_shore_a
Gauntlet: minmay_gauntlet_mixed_oops_all_seconds [minmay_gauntlet_arena_77_mess,
          gammafunk_gauntlet_arena_hedges, minmay_gauntlet_arena_77_two_lines,
          minmay_gauntlet_arena_make_your_own_arena,
          minmay_gauntlet_arena_77_box, gammafunk_gauntlet_arena_corners,
          nicolae_gauntlet_exit_dead_adventurers]

Skill      XL: |  1  2  3  4  5  6  7  8  9 10 |
---------------+-------------------------------+-----
Throwing       | 1 2 3 4 |  4.5
Armour         | 1 2 3 4 |  4.0
Fighting       | 3 4 6 |  6.6
Dodging        | 3 4 6 |  6.6
Unarmed Combat | 4 5 |  5.0
Shields        | 1 3 4 |  4.2
Maces & Flails | 2 3 |  3.0
Short Blades   | 2 |  2.6
Evocations     | 1 2 |  2.2

Action                   |  1- 3 |  4- 6 |  7- 9 | 10-12 || total
-------------------------+-------+-------+-------+-------++-------
Melee: Unarmed           |    92 |   163 |   370 |    63 ||   688
       Punch             |       |     5 |    11 |     1 ||    17
Throw: Stone             |       |     1 |     2 |       ||     3
Invok: Berserk           |       |     3 |     8 |     2 ||    13
  Use: Scroll            |       |       |    13 |     6 ||    19
       Potion            |       |       |       |     1 ||     1
Armor: Animal skin       |    33 |    43 |    86 |       ||   162
       Steam dragon scal |       |       |    40 |       ||    40
       Acid dragon scale |       |       |    24 |    22 ||    46
Dodge: Dodged            |    38 |    50 |   229 |    39 ||   356
       Repelled          |       |       |     3 |       ||     3
Block: Other             |       |       |     6 |    15 ||    21
       Reflection        |       |       |     2 |     3 ||     5

Table legend: (Time is in decaauts)
 A = Elapsed time spent in this place.
 B = Non-inter-level travel time spent in this place.
 C = Inter-level travel time spent in this place.
 D = Time resting spent in this place.
 E = Time spent auto-exploring this place.
 F = Levels seen in this place.
 G = Mean time per level.
                   A        B        C        D        E       F      G
               +--------+--------+--------+--------+--------+-----+--------+
         Total |   7757 |   7151 |    606 |    381 |   4917 |  12 |  646.4 |
       Dungeon |   6844 |   6238 |    606 |    354 |   4555 |   8 |  855.5 |
          Lair |     61 |     61 |      0 |      0 |      0 |   1 |   61.0 |
         Sewer |    277 |    277 |      0 |     21 |     62 |   1 |  277.0 |
       Ossuary |    331 |    331 |      0 |      6 |    136 |   1 |  331.0 |
      Gauntlet |    242 |    242 |      0 |      0 |    163 |   1 |  242.0 |
               +--------+--------+--------+--------+--------+-----+--------+

Top non-repeatable levels by time:
     D:1: 1144 daAuts
     D:7: 1057 daAuts
     D:2: 1055 daAuts
     D:8: 879 daAuts
     D:5: 760 daAuts
     D:6: 710 daAuts
     D:3: 653 daAuts
     D:4: 585 daAuts
 Ossuary: 331 daAuts
   Sewer: 277 daAuts
Gauntlet: 242 daAuts
  Lair:1: 61 daAuts
